 Dungeon Crawl Stone Soup version 0.23-a0-550-g7de1f8e (webtiles) character file.

134 Lavandula the Cutter (level 5, 0/31 HPs)
             Began as a Halfling Enchanter on Dec 9, 2018.
             Succumbed to a worker ant's poison
             ... on level 4 of the Dungeon.
             The game lasted 00:05:50 (1601 turns).

Lavandula the Cutter (Halfling Enchanter)           Turns: 1601, Time: 00:05:51

Health: 0/31       AC:  3    Str: 11 (14) XL:     5   Next: 40%
Magic:  0/7        EV: 14    Int: 13 (14) God:
Gold:   75         SH:  0    Dex: 12 (15) Spells: 4/7 levels left

rFire    . . .     SeeInvis .   n - +2 dagger (vamp)
rCold    . . .     Gourm    .   (shield restricted)
rNeg     . . .     Faith    .   b - +0 robe
rPois    .         Spirit   .   p - +0 helmet
rElec    .         Reflect  .   (no cloak)
rCorr    .         Harm     .   (no gloves)
MR       .....                  (no boots)
Stlth    ++........             (no amulet)
HPRegen  0.10/turn              (no ring)
MPRegen  0.10/turn              (no ring)

@: mighty, lethally poisoned (0 -> -33), flying
A: small, mutation resistance 1
a: no special abilities


You were on level 4 of the Dungeon.
You were not hungry.

You visited 1 branch of the dungeon, and saw 4 of its levels.

You collected 75 gold pieces.

Inventory:

Hand Weapons
 n - a +2 vampiric dagger (weapon)
Armour
 b - a +0 robe (worn)
 p - a +0 helmet (worn)
Scrolls
 a - a scroll of enchant weapon {unknown}
 e - a scroll of teleportation {unknown}
 f - a scroll of blinking {unknown}
 g - a scroll of remove curse {unknown}
 h - a scroll of immolation {unknown}
 i - 3 scrolls of identify {unknown}
 j - a scroll of enchant armour {unknown}
 k - a scroll of random uselessness {unknown}
Comestibles
 d - 2 rations


   Skills:
 + Level 5.9 Short Blades
 - Level 2.1 Dodging
 - Level 3.2 Stealth
 - Level 1.5 Spellcasting
 - Level 2.4 Hexes


You had 4 spell levels left.
You knew the following spells:

 Your Spells              Type           Power        Failure   Level  Hunger
a - Corona                Hex            #......      10%         1    ##.....
b - Ensorcelled Hibernat  Hex/Ice        #.....       24%         2    ###....

Your spell library contained the following spells:

 Spells                   Type           Power        Failure   Level  Hunger
 Confuse                  Hex            #.......     30%         3    ####...
 Tukima's Dance           Hex            #.......     30%         3    ####...
 Dazzling Spray           Conj/Hex       #.....       43%         3    ####...


Dungeon Overview and Level Annotations

Branches:
Dungeon (4/15)
 Temple: D:4-7

Altars:

Annotations:
D:2 exclusion: ooze


Innate Abilities, Weirdness & Mutations

You are small and have problems with some larger weapons.
You are somewhat resistant to further mutation.


Message History

You are more poisoned.
The worker ant poisons you!
You hit the worker ant but do no damage.
The worker ant is moderately wounded.
You feel sick. The worker ant bites you.
It was a potion of might.
You feel very mighty all of a sudden.
* * * LOW HITPOINT WARNING * * *
You feel sick. The worker ant closely misses you.
It was a potion of flight.
You feel very buoyant.
You fly up into the air.
* * * LOW HITPOINT WARNING * * *
You feel sick. The worker ant bites you.
* * * LOW HITPOINT WARNING * * *
You are more poisoned.
The worker ant poisons you!
You closely miss the worker ant.
The worker ant is moderately wounded.
You die...

###############
#.<....<......#
#.####..#####.#
#.# #..# #.#
......
#.##.#...#.
#@##.#.... ..
#$a....###. #
####.#.# .. ..
# #.# #


You could see a worker ant.

Vanquished Creatures
  A howler monkey (D:4)
  A hound (D:2)
  Robin (D:3)
  A worm (D:2)
  A dart slug (D:2)
  5 orcs
  3 ball pythons (D:2)
  A giant cockroach (D:2)
  10 goblins
  9 hobgoblins
  A bat (D:3)
  2 frilled lizards
  4 kobolds
  4 rats
44 creatures vanquished.

Notes
Turn   | Place    | Note
-------+----------+-------------------------------------------
     0 | D:1      | Lavandula the Halfling Enchanter began the quest for the
                  | Orb.
     0 | D:1      | Reached XP level 1. HP: 11/11 MP: 3/3
   111 | D:2      | Reached skill level 2 in Short Blades
   125 | D:2      | Reached XP level 2. HP: 4/17 MP: 4/4
   474 | D:2      | Reached skill level 4 in Short Blades
   474 | D:2      | Reached XP level 3. HP: 4/21 MP: 5/5
   478 | D:2      | Learned a level 2 spell: Ensorcelled Hibernation
   887 | D:2      | Reached XP level 4. HP: 26/27 MP: 1/6
   914 | D:3      | Noticed Robin
  1317 | D:3      | Killed Robin
  1317 | D:3      | Reached skill level 5 in Short Blades
  1563 | D:4      | Reached XP level 5. HP: 27/31 MP: 1/7
  1601 | D:4      | Succumbed to a worker ant's poison

Vault maps used:
D:1:      ncdulo_lavacross
D:2:      hangedman_decor_growths
D:3:      gammafunk_temple_overflow_elements, grunt_ministairs_4, uniq_jessica,
          uniq_robin
D:4:      first_ration, chequers_serial_rivers_large_a

Skill      XL: |  1  2  3  4 |
---------------+-------------+-----
Short Blades   | 2 4 5 |  5.9
Dodging        | |  2.1
Stealth        | |  3.2
Spellcasting   | |  1.5
Hexes          | |  2.4

Action                   |  1- 3 |  4- 6 || total
-------------------------+-------+-------++-------
Melee: Dagger            |    81 |   128 ||   209
 Cast: Corona            |     7 |     1 ||     8
       Ensorcelled Hiber |     2 |    12 ||    14
  Use: Potion            |       |     4 ||     4
 Stab: Sleeping          |     4 |     9 ||    13
  Eat: Chunk             |       |     3 ||     3
       Ration            |       |     2 ||     2
Armor: Robe              |     8 |    11 ||    19
Dodge: Dodged            |    46 |    74 ||   120

Table legend:
 A = Non-vault XP
 B = Vault XP
 C = Vault XP percentage of total XP
 D = Non-vault monster count
 E = Vault monster count
 F = Vault count percentage of total count
                 A         B        C        D         E       F
            +---------+---------+-------+---------+---------+-------
      Total |     150 |      42 |  21.9 |      29 |      15 |  34.1
            +---------+---------+-------+---------+---------+-------
        D:1 |       3 |       0 |   0.0 |       3 |       0 |   0.0
        D:2 |      78 |       4 |   4.9 |      17 |       2 |  10.5
        D:3 |      18 |      38 |  67.9 |       8 |      13 |  61.9
        D:4 |      51 |       0 |   0.0 |       1 |       0 |   0.0
            +---------+---------+-------+---------+---------+-------
